 Dungeon Crawl Stone Soup version 0.32-a0-699-g1ee5eff69a (webtiles) character file.

Game seed: 10345907095023658569

2041 Azra the Skirmisher (level 9, -4/61 HPs)
             Began as a Formicid Hunter on Mar 13, 2024.
             Was a Priest of Okawaru.
             Slain by Pikel
             ... wielding a +1 whip of freezing
              (5 damage)
             ... on level 6 of the Dungeon.
             The game lasted 00:19:35 (6563 turns).

Azra the Skirmisher (Formicid Hunter)               Turns: 6563, Time: 00:19:36

Health: -4/61      AC:  4    Str: 16    XL:     9   Next: 48%
Magic:  15/15      EV: 11    Int:  9    God:    Okawaru [***...]
Gold:   320        SH:  0    Dex: 21    Spells: 8/8 levels left

rFire   . . .        a - +0 shortbow
rCold   . . .        (no shield)
rNeg    + . .        c - +0 leather armour
rPois   .            (helmet unavailable)
rElec   .            (no cloak)
rCorr   .            (no gloves)
SInv    +            i - +0 pair of boots
Will    .....        (no amulet)
Stlth   ++           b - ring of positive energy
HPRegen 0.30/turn    o - ring of flight
MPRegen 0.14/turn

%: no passive effects
@: flying
A: permanent stasis, dig shafts and tunnels, antennae 3, four strong arms
a: Dig, Shaft Self, Renounce Religion, Heroism


You were on level 6 of the Dungeon.
You worshipped Okawaru.
Okawaru was most pleased with you.
You visited 1 branch of the dungeon, and saw 6 of its levels.

You collected 380 gold pieces.
You spent 60 gold pieces at shops.

Inventory:

Hand Weapons
 a - a +0 shortbow (weapon)
Armour
 c - a +0 leather armour (worn)
 i - a +0 pair of boots (worn)
 m - a scarf of invisibility
Jewellery
 b - a ring of positive energy (left hand)
 o - a ring of flight (right hand)
Wands
 t - a wand of flame (5)
 v - a wand of digging (3)
Scrolls
 d - a scroll of immolation {unknown}
 f - a scroll of enchant weapon {unknown}
 h - a scroll of fear {unknown}
 j - 3 scrolls of fog {unknown}
 l - 2 scrolls of poison {unknown}
 r - 3 scrolls of identify {unknown}
Potions
 e - a potion of lignification {unknown}
 g - 2 potions of might {unknown}
 k - a potion of cancellation {unknown}
 n - 3 potions of degeneration {unknown}
 p - 2 potions of curing {unknown}
 q - a potion of enlightenment {unknown}
 u - a potion of attraction {unknown}
 w - a potion of mutation {unknown}


   Skills:
 - Level 2.1 Fighting
 + Level 10.6 Ranged Weapons
 - Level 1.7 Dodging
 - Level 1.2 Stealth
 - Level 8.0 Invocations


You had 8 spell levels left.
You didn't know any spells.
Your spell library was empty.

Dungeon Overview and Level Annotations

Branches:
Dungeon (6/15)
 Temple: D:4-7

Altars:
Nemelex Xobeh
Okawaru

Shops:
D:2 *

Portals:
Abyss: D:3

Annotations:
D:3 2 transporters, nago's ghost, amateur CoHu
D:5 mobs
D:6 Maggie; Pikel


Innate Abilities, Weirdness & Mutations

You cannot be hasted, slowed, berserked, paralysed or teleported.
You can dig through walls and to a lower floor.
You have a pair of large antennae on your head. (SInv)
Your four strong arms can wield two-handed weapons with a shield.


Message History

You shoot an arrow. The arrow closely misses the lemure.
The lemure completely misses you.
You shoot an arrow. The arrow barely misses the lemure.
The lemure hits you!
You shoot an arrow. The arrow hits the lemure!
You kill the lemure!
That felt strangely unrewarding.
No target in view!
No target in view!
No target in view!
No target in view!
No target in view!
No target in view!
No target in view!
No target in view!
No target in view!
No target in view!
No target in view!
No target in view!
No target in view!
No target in view!
No target in view!
No target in view!
No target in view!
No target in view!
No target in view!
You start resting.
HP restored.
There is a stone staircase leading down, spattered with blood here.
You fly downwards.
Level annotation: Maggie; Pikel Pikel barely misses you.
The ogre hits you with a +0 giant club!!
Pikel hits you with a +1 whip of freezing.
Pikel freezes you.
There is a stone staircase leading up, spattered with blood here.
The ogre hits you with a +0 giant club!!
* * * LOW HITPOINT WARNING * * *
Pikel hits you with a +1 whip of freezing.
You die...
Pikel says, "Another soul for the market."

#. #.......#..
#.###..........
###.#....รท.......
##.........)......
###....#..........##
....#...##...###.##
#.....##.[.###.#
##.#..K[[......# #
#..@..[..####
####O....###
#.)........
#.....##### ##...##
#####


You could see Pikel and an ogre.

Vanquished Creatures
  A gargoyle (D:6)
  Jeremiah (D:6)
  Sigmund (D:3)
  A water moccasin (D:6)
  An ice beast (D:3)
  An ogre (D:6)
  4 lemures (D:5)
  A phantom (D:4)
  Blork the orc (D:6)
  3 scorpions
  5 wights
  A bombardier beetle (D:5)
  2 orc priests
  A jelly (D:6)
  Terence (D:2)
  4 iguanas
  2 orc wizards
  7 adders
  A gnoll (D:1)
  3 white imps
  2 ufetubi (D:6)
  4 dart slugs
  11 orcs
  4 ball pythons
  12 endoplasms
  3 giant cockroaches
  9 goblins
  10 hobgoblins
  5 jackals (D:1)
  4 quokkas
  7 bats
  6 frilled lizards
  4 kobolds
  4 rats
127 creatures vanquished.

Notes
Turn   | Place    | Note
-------+----------+-------------------------------------------
     0 | D:1      | Azra the Formicid Hunter began the quest for the Orb.
     0 | D:1      | Reached XP level 1. HP: 16/16 MP: 1/1
   168 | D:1      | Reached XP level 2. HP: 21/22 MP: 2/2
   233 | D:1      | HP: 1/22 [hobgoblin (4)]
   393 | D:1      | Reached skill level 5 in Ranged Weapons
   393 | D:1      | Reached XP level 3. HP: 27/27 MP: 3/3
   760 | D:2      | Reached XP level 4. HP: 29/33 MP: 4/4
   799 | D:2      | Found Jazidow's General Store.
   805 | D:2      | Bought a potion of heal wounds for 60 gold pieces
  1045 | D:2      | Noticed Terence
  1055 | D:2      | Killed Terence
  1294 | D:2      | Reached XP level 5. HP: 38/38 MP: 5/5
  1314 | D:2      | Reached skill level 6 in Ranged Weapons
  1982 | D:3      | Reached XP level 6. HP: 11/44 MP: 6/6
  2113 | D:3      | Found a transporter.
  2147 | D:3      | Found an iron altar of Okawaru.
  2159 | D:3      | Became a worshipper of Warmaster Okawaru
  2193 | D:3      | Found a transporter.
  2193 | D:3      | Found a one-way gate to the infinite horrors of the Abyss.
  2193 | D:3      | Noticed nago's ghost (amateur CoHu)
  2194 | D:3      | Noticed a small abomination
  2384 | D:3      | Noticed an ice beast
  2410 | D:3      | Killed an ice beast
  2411 | D:3      | Reached skill level 7 in Ranged Weapons
  2461 | D:3      | Noticed Sigmund
  2471 | D:3      | Killed Sigmund
  2471 | D:3      | Reached * piety under Okawaru
  2472 | D:3      | Reached XP level 7. HP: 42/50 MP: 7/9
  3390 | D:4      | Found a sparkling altar of Nemelex Xobeh.
  3437 | D:5      | Entered Level 5 of the Dungeon
  3564 | D:5      | Reached skill level 8 in Ranged Weapons
  3711 | D:5      | Reached skill level 5 in Invocations
  3711 | D:5      | Reached XP level 8. HP: 25/56 MP: 11/11
  3857 | D:5      | Noticed a yak
  3857 | D:5      | Noticed a yak
  3857 | D:5      | Noticed a yak
  4185 | D:5      | Noticed a yak
  4185 | D:5      | Noticed a yak
  4209 | D:5      | Noticed a yak
  4565 | D:6      | Noticed Jeremiah
  5139 | D:6      | Killed Jeremiah
  5139 | D:6      | Reached ** piety under Okawaru
  5140 | D:6      | Reached skill level 9 in Ranged Weapons
  5193 | D:6      | Noticed a gargoyle
  5386 | D:6      | Reached XP level 9. HP: 44/61 MP: 14/14
  5466 | D:6      | Reached *** piety under Okawaru
  5834 | D:6      | Noticed Pikel
  6073 | D:6      | Noticed Blork the orc
  6228 | D:6      | Killed Blork the orc
  6229 | D:6      | Reached skill level 10 in Ranged Weapons
  6395 | D:6      | Killed a gargoyle
  6405 | D:6      | Noticed Maggie
  6563 | D:6      | HP: 1/61 [ogre/+0 giant club (28)]
  6563 | D:6      | Slain by Pikel

Illustrated notes

Levels and vault maps discovered:
D:1:      minmay_arrival_semitransparent, layout_basic
D:2:      layout_basic, serial_shops, shop, nrook_mini_backslash,
          ebering_dispersal_statue_hall, kennysheep_donut, uniq_terence
D:3:      layout_loops_cross, okawaru_metal_pillars_1_2,
          gammafunk_ghost_abyssal_escape, uniq_sigmund
D:4:      layout_basic, nemelex_dance_club_becter, serial_glass,
          glass_columns_a, glass_columns_a
D:5:      layout_rooms
D:6:      hangedman_cross_stitches, layout_loops_ring, serial_bayou_pond_c,
          uniq_jeremiah, uniq_pikel, uniq_eustachio, uniq_maggie,
          uniq_blork_the_orc

Skill      XL: |  1  2  3  4  5  6  7  8  9 |
---------------+----------------------------+-----
Ranged Weapons | 5 6 7 8 9 10 | 10.6
Invocations    | 3 5 7 8 |  8.0
Fighting       | |  2.1
Dodging        | |  1.7
Stealth        | |  1.2

Action                     |  1- 3 |  4- 6 |  7- 9 || total
---------------------------+-------+-------+-------++-------
   Fire: Shortbow          |    83 |   169 |   347 ||   599
 Invoke: Heroism           |       |       |     1 ||     1
Ability: Dig               |       |     1 |       ||     1
  Evoke: Wand              |       |       |    16 ||    16
    Use: Scroll            |     1 |       |       ||     1
         Potion            |       |     3 |       ||     3
 Armour: Leather armour    |    22 |    46 |   138 ||   206
  Dodge: Dodged            |    18 |    57 |   104 ||   179

Table legend: (Time is in decaauts)
 A = Elapsed time spent in this place.
 B = Non-inter-level travel time spent in this place.
 C = Inter-level travel time spent in this place.
 D = Time resting spent in this place.
 E = Time spent auto-exploring this place.
 F = Levels seen in this place.
 G = Mean time per level.
                   A        B        C        D        E       F      G
               +--------+--------+--------+--------+--------+-----+--------+
         Total |   6607 |   6283 |    324 |   1944 |   3223 |   6 | 1101.2 |
       Dungeon |   6607 |   6283 |    324 |   1944 |   3223 |   6 | 1101.2 |
               +--------+--------+--------+--------+--------+-----+--------+

Top non-repeatable levels by time:
     D:5: 1924 daAuts
     D:2: 1228 daAuts
     D:6: 1100 daAuts
     D:3: 889 daAuts
     D:1: 765 daAuts
     D:4: 697 daAuts
